 Dungeon Crawl Stone Soup version 0.28-a0-1235-g7c8fac35f0 (webtiles) character file.

Game seed: 3816879419939688682

609 croobank the Grave Robber (level 7, 0/45 HPs)
             Began as a Gnoll Wanderer on Dec 24, 2021.
             Was a Follower of Hepliaklqana.
             Slain by Menkaure (1 damage)
             ... on level 5 of the Dungeon.
             The game lasted 00:27:00 (6014 turns).

croobank the Grave Robber (Gnoll Wanderer)          Turns: 6014, Time: 00:27:01

Health: 0/45       AC: 11    Str: 13    XL:     7   Next: 43%
Magic:  6/12       EV: 15    Int: 13    God:    Hepliaklqana [*.....]
Gold:   221        SH:  0    Dex: 10    Spells: 0/13 levels left

rFire   . . .      SeeInvis .   i - +0 dagger
rCold   + . .      Faith    .   (no shield)
rNeg    . . .      Spirit   .   b - +0 ring mail
rPois   .          Reflect  .   (no helmet)
rElec   .          Harm     .   (no cloak)
rCorr   .          Rampage  .   f - +2 pair of gloves
Will    .....                   j - +1 pair of boots
Stlth   +.........              (no amulet)
HPRegen 0.15/turn               c - ring of protection from cold
MPRegen 0.13/turn               q - +4 ring of evasion

@: no status effects
A: reduced essence, fangs 1, strong nose, distributed training
a: Renounce Religion, Recall Ancestor, Ancestor Identity


You were on level 5 of the Dungeon.
You worshipped Hepliaklqana.
Hepliaklqana was aware of your devotion.
You visited 1 branch of the dungeon, and saw 5 of its levels.

You collected 221 gold pieces.

Inventory:

Hand Weapons
 a - a +0 club
 d - a +0 morningstar
 i - a +0 dagger (weapon)
Missiles
 e - 88 stones
 k - 26 poisoned darts
 p - 72 arrows
Armour
 b - a +0 ring mail (worn)
 f - a +2 pair of gloves (worn)
 j - a +1 pair of boots (worn)
Jewellery
 c - a ring of protection from cold (left hand)
 q - a +4 ring of evasion (right hand)
Wands
 r - a wand of iceblast (16)
Scrolls
 g - a scroll of teleportation
 h - 2 scrolls of immolation
 n - 4 scrolls of brand weapon {unknown}
Potions
 m - a potion of curing
 o - a potion of mutation {unknown}


   Skills:
 + Level 2.5 Fighting
 + Level 2.5 Short Blades
 + Level 2.5 Long Blades
 + Level 2.5 Axes
 + Level 2.5 Maces & Flails
 + Level 2.5 Polearms
 + Level 2.5 Staves
 + Level 2.5 Slings
 + Level 2.5 Bows
 + Level 2.5 Crossbows
 + Level 2.5 Throwing
 + Level 3.6 Armour
 + Level 3.6 Dodging
 + Level 3.4 Stealth
 + Level 2.5 Shields
 + Level 2.5 Unarmed Combat
 + Level 3.8 Spellcasting
 + Level 2.0 Conjurations
 + Level 4.3 Hexes
 + Level 2.0 Summonings
 + Level 5.8 Necromancy
 + Level 2.0 Translocations
 + Level 2.0 Transmutations
 + Level 2.0 Fire Magic
 + Level 2.0 Ice Magic
 + Level 2.0 Air Magic
 + Level 2.0 Earth Magic
 + Level 2.0 Poison Magic
 + Level 2.7 Invocations
 + Level 3.6 Evocations


You couldn't memorise any spells.
You knew the following spells:

 Your Spells              Type           Power      Damage    Failure   Level
a - Slow                  Hex            52%        N/A       8%          1
b - Sublimation of Blood  Necr           17%        N/A       6%          2
c - Tukima's Dance        Hex            13%        N/A       22%         3
d - Dazzling Flash        Conj/Hex       20%        N/A       34%         3
e - Foxfire               Conj/Fire      28%        2x1d5     19%         1
f - Mephitic Cloud        Conj/Pois/Air  7%         N/A       50%         3

Your spell library contained the following spells:

 Spells                   Type           Power      Damage    Failure   Level
 Corpse Rot               Necr/Air       24%        N/A       13%         2
 Apportation              Tloc           14%        N/A       19%         1
 Inner Flame              Hex/Fire       10%        N/A       34%         3
 Conjure Flame            Conj/Fire      7%         6-21      50%         3
 Gell's Gravitas          Tloc           7%         N/A       50%         3
 Ignite Poison            Fire/Tmut/Pois 7%         N/A       50%         3
 Lesser Beckoning         Tloc           7%         N/A       50%         3
 Teleport Other           Tloc           7%         N/A       50%         3
 Flame Wave               Conj/Fire      7%         2d4       88%         4
 Passage of Golubria      Tloc           7%         N/A       88%         4
 Sticky Flame             Conj/Fire      7%         2d3       88%         4
 Yara's Violent Unravell  Hex/Tmut       5%         3d4       97%         5
 Alistair's Intoxication  Tmut/Pois      4%         N/A       99%         5
 Freezing Cloud           Conj/Ice/Air   3%         6-21      99%         5


Dungeon Overview and Level Annotations

Branches:
Dungeon (5/15)             Temple (0/1) D:5

Altars:
Ashenzari
Hepliaklqana
Makhleb
Ru
Sif Muna
Yredelemnul
The Shining One

Shops:
D:2 (

Annotations:
D:5 Menkaure


Innate Abilities, Weirdness & Mutations

Your life essence is reduced to manifest your ancestor. (-10% HP)
You have very sharp teeth.
Your uncanny sense of smell can sniff out nearby items.
Your experience applies equally to all skills.


Message History

Menkaure barely misses Samuel Cleveland.
Samuel Cleveland barely misses Menkaure.
Samuel Cleveland hits Menkaure.
Menkaure hits Samuel Cleveland.
Samuel Cleveland completely misses Menkaure.
Menkaure completely misses Samuel Cleveland.
Samuel Cleveland completely misses Menkaure.
Menkaure calls on the powers of darkness!
Your body is wracked with pain!
Samuel Cleveland hits Menkaure.
Menkaure hits Samuel Cleveland!!
Samuel Cleveland is destroyed!
Menkaure calls on the powers of darkness!
Your body is wracked with pain!
* * * LOW HITPOINT WARNING * * *
You hit Menkaure but do no damage. You bite Menkaure, but do no damage.
Menkaure is almost destroyed.
Menkaure closely misses you.
You hit Menkaure but do no damage.
Menkaure is almost destroyed.
Your magical contamination has completely faded away.
You hit Menkaure.
Menkaure is almost destroyed.
Menkaure barely misses you.
You hit Menkaure but do no damage.
Menkaure is almost destroyed.
Menkaure casts a spell at you. Pain shoots through your body!
* * * LOW HITPOINT WARNING * * *
You hit Menkaure.
Menkaure is almost destroyed.
Menkaure is no longer moving slowly.
You hit Menkaure but do no damage.
Menkaure is almost destroyed.
Menkaure calls on the powers of darkness!
Your body is wracked with pain!
* * * LOW HITPOINT WARNING * * *
Casting: Tukima's Dance (quite dangerous; 22% risk of failure)
Confirm with . or Enter, or press ? or * to list all spells.
You draw magical energy from your own body!
Menkaure hits you.
You die...

..........##..######..........#..
..........###..####...........#..
..........###.................#.#
######'##..#†.>.?.#....########.#
#..............#.....# #....#
#..........##.##.....# +....#
#.........## ##......# #.....
#..........###.#.....# ##....
#.............@#.....######+#.P
#..........#..M'.....+........P
#..........#...#.....#........P
###..#######...#.....#........P
#### #...#.....#...##....
....#.....#### #.... .....#
...#...##'#._ ......#
...#......... #.........


You could see Menkaure (fast).

Vanquished Creatures
  A phantom (D:4)
  A howler monkey (D:4)
  A jelly (D:5)
  A hound (D:2)
  2 iguanas (D:4)
  5 adders
  A dart slug (D:4)
  3 orcs (D:3)
  6 endoplasms
  4 giant cockroaches
  7 goblins
  7 hobgoblins
  4 jackals (D:3)
  3 kobolds
  7 quokkas
  3 ball pythons
  6 bats
  4 frilled lizards
  10 rats
76 creatures vanquished.

Vanquished Creatures (collateral kills)
  A necrophage (D:4)
  An ogre (D:5)
  A hound (D:4)
  A bullfrog skeleton (D:5)
  An iguana (D:5)
  An adder (D:4)
  An endoplasm (D:4)
  A giant cockroach (D:4)
  A quokka (D:4)
  A ball python (D:4)
10 creatures vanquished.

Vanquished Creatures (others)
  An ancestor (D:5)
1 creature vanquished.

Grand Total: 87 creatures vanquished

Notes
Turn   | Place    | Note
-------+----------+-------------------------------------------
     0 | D:1      | croobank the Gnoll Wanderer began the quest for the Orb.
     0 | D:1      | croobank set off with the following items: a +0 club, a +0
                  | ring mail; and the following spell memorised: Slow; and the
                  | following spells available to memorise: Sublimation of
                  | Blood, Corpse Rot, Tukima's Dance, Dazzling Flash
     0 | D:1      | Reached XP level 1. HP: 13/13 MP: 4/4
   322 | D:1      | Reached XP level 2. HP: 19/19 MP: 5/5
   338 | D:1      | Learned a level 2 spell: Sublimation of Blood
  1515 | D:2      | Reached skill level 1 in Invocations
  1515 | D:2      | Reached XP level 3. HP: 9/25 MP: 7/7
  1786 | D:2      | Reached skill level 1 in Fighting
  1786 | D:2      | Reached skill level 1 in Short Blades
  1786 | D:2      | Reached skill level 1 in Long Blades
  1786 | D:2      | Reached skill level 1 in Axes
  1786 | D:2      | Reached skill level 1 in Maces & Flails
  1786 | D:2      | Reached skill level 1 in Polearms
  1786 | D:2      | Reached skill level 1 in Staves
  1786 | D:2      | Reached skill level 1 in Slings
  1786 | D:2      | Reached skill level 1 in Bows
  1786 | D:2      | Reached skill level 1 in Crossbows
  1786 | D:2      | Reached skill level 1 in Throwing
  1786 | D:2      | Reached skill level 1 in Shields
  1786 | D:2      | Reached skill level 1 in Unarmed Combat
  2070 | D:2      | Reached XP level 4. HP: 22/32 MP: 6/8
  2387 | D:2      | Found Ibihuu's Antique Weapon Shop.
  2712 | D:2      | Found a faded altar of an unknown god.
  2933 | D:3      | Found a basalt altar of Yredelemnul.
  3056 | D:3      | Found a hazy altar of Hepliaklqana.
  3064 | D:3      | Became a worshipper of Hepliaklqana the Forgotten
  3411 | D:3      | Reached skill level 1 in Conjurations
  3411 | D:3      | Reached skill level 1 in Summonings
  3411 | D:3      | Reached skill level 1 in Translocations
  3411 | D:3      | Reached skill level 1 in Transmutations
  3411 | D:3      | Reached skill level 1 in Fire Magic
  3411 | D:3      | Reached skill level 1 in Ice Magic
  3411 | D:3      | Reached skill level 1 in Air Magic
  3411 | D:3      | Reached skill level 1 in Earth Magic
  3411 | D:3      | Reached skill level 1 in Poison Magic
  3664 | D:3      | Reached XP level 5. HP: 27/37 MP: 9/9
  3673 | D:3      | Found a sacrificial altar of Ru.
  4095 | D:4      | Found a shimmering blue altar of Sif Muna.
  4187 | D:4      | Learned a level 3 spell: Tukima's Dance
  4195 | D:4      | Noticed a phantom
  4225 | D:4      | Killed a phantom
  4505 | D:4      | Reached XP level 6. HP: 38/44 MP: 8/10
  4589 | D:4      | Reached * piety under Hepliaklqana
  4980 | D:4      | Learned a level 3 spell: Dazzling Flash
  5012 | D:4      | Noticed a necrophage
  5023 | D:4      | Killed a necrophage
  5029 | D:4      | Learned a level 1 spell: Foxfire
  5073 | D:4      | Reached XP level 7. HP: 42/45 MP: 12/12
  5160 | D:4      | Learned a level 3 spell: Mephitic Cloud
  5282 | D:4      | Found a burning altar of Makhleb.
  5610 | D:5      | Entered Level 5 of the Dungeon
  5623 | D:5      | Found a glowing golden altar of the Shining One.
  5689 | D:5      | Found a broken altar of Ashenzari.
  5820 | D:5      | Found a staircase to the Ecumenical Temple.
  5992 | D:5      | Noticed Menkaure
  6014 | D:5      | Slain by Menkaure

Illustrated notes

Levels and vault maps discovered:
D:1:      heliophobic_arrival_henge, layout_basic, minmay_tripent
D:2:      layout_loops_cross, shapermc_ecumenical_altar_petra, serial_shops,
          shop, minmay_tree_intersection
D:3:      layout_basic, mainiacjoe_overflow_surrounded_room,
          mainiacjoe_overflow_brackets, mainiacjoe_overflow_tiny_flanked
D:4:      nicolae_cairo_tiling_very_big, layout_cave_pods,
          nicolae_sif_muna_condensation, nicolae_overflow_crystal_walls
D:5:      layout_gridville, mainiacjoe_overflow_boulevard, tso_oasis_becter,
          minmay_temple_entry_wispy, minmay_misc_feat_square, uniq_menkaure

Skill      XL: |  1  2  3  4  5  6  7 |
---------------+----------------------+-----
Invocations    | 1 2 |  2.7
Fighting       | 1 2 |  2.5
Short Blades   | 1 2 |  2.5
Long Blades    | 1 2 |  2.5
Axes           | 1 2 |  2.5
Maces & Flails | 1 2 |  2.5
Polearms       | 1 2 |  2.5
Staves         | 1 2 |  2.5
Slings         | 1 2 |  2.5
Bows           | 1 2 |  2.5
Crossbows      | 1 2 |  2.5
Throwing       | 1 2 |  2.5
Shields        | 1 2 |  2.5
Unarmed Combat | 1 2 |  2.5
Spellcasting   | 3 |  3.8
Conjurations   | 1 2 |  2.0
Summonings     | 1 2 |  2.0
Translocations | 1 2 |  2.0
Transmutations | 1 2 |  2.0
Fire Magic     | 1 2 |  2.0
Ice Magic      | 1 2 |  2.0
Air Magic      | 1 2 |  2.0
Earth Magic    | 1 2 |  2.0
Poison Magic   | 1 2 |  2.0
Armour         | 3 |  3.6
Dodging        | 3 |  3.6
Hexes          | 4 |  4.3
Evocations     | 3 |  3.6
Stealth        | 3 |  3.4
Necromancy     | |  5.8

Action                   |  1- 3 |  4- 6 |  7- 9 || total
-------------------------+-------+-------+-------++-------
Melee: Club              |   127 |       |       ||   127
       Bite              |     9 |    23 |     3 ||    35
       Morningstar       |    36 |       |       ||    36
       Dagger            |    15 |   365 |    42 ||   422
       Punch             |       |     1 |       ||     1
Throw: Dart              |       |    38 |       ||    38
 Cast: Slow              |    29 |    34 |    11 ||    74
       Sublimation of Bl |       |       |     1 ||     1
       Tukima's Dance    |       |       |     1 ||     1
Invok: Ancestor Identity |       |     1 |       ||     1
Evoke: Wand              |       |       |     1 ||     1
  Use: Scroll            |     4 |     5 |     1 ||    10
       Potion            |     1 |     1 |     1 ||     3
 Stab: Distracted        |       |     1 |       ||     1
Armor: Ring mail         |   101 |   140 |     3 ||   244
Dodge: Dodged            |   121 |   174 |    18 ||   313

Table legend: (Time is in decaauts)
 A = Elapsed time spent in this place.
 B = Non-inter-level travel time spent in this place.
 C = Inter-level travel time spent in this place.
 D = Time resting spent in this place.
 E = Time spent auto-exploring this place.
 F = Levels seen in this place.
 G = Mean time per level.
                   A        B        C        D        E       F      G
               +--------+--------+--------+--------+--------+-----+--------+
         Total |   6040 |   5826 |    214 |   1847 |   2362 |   5 | 1208.0 |
       Dungeon |   6040 |   5826 |    214 |   1847 |   2362 |   5 | 1208.0 |
               +--------+--------+--------+--------+--------+-----+--------+

Top non-repeatable levels by time:
     D:4: 1516 daAuts
     D:1: 1440 daAuts
     D:2: 1394 daAuts
     D:3: 1288 daAuts
     D:5: 400 daAuts
